 Dungeon Crawl Stone Soup version 0.25.1-2-g60ff931df9 (webtiles) character file.

Game seed: 11528045211676604920

2772 Delamore the Basher (level 9, -7/54 HPs)
             Began as a Gargoyle Fighter on Oct 12, 2020.
             Was a Believer of Okawaru.
             Mangled by an orc warrior
             ... wielding a +0 flail
              (15 damage)
             ... on level 8 of the Dungeon.
             The game lasted 00:06:05 (6449 turns).

Delamore the Basher (Gargoyle Fighter)              Turns: 6449, Time: 00:06:05

Health: -7/54      AC: 15    Str: 23    XL:     9   Next: 70%
Magic:  18/18      EV:  7    Int:  9    God:    Okawaru [**....]
Gold:   479        SH: 10    Dex:  9    Spells: 8/8 levels left

rFire    . . .     SeeInvis .   a - +0 flail
rCold    . . .     Gourm    .   c - +0 kite shield
rNeg     + . .     Faith    +   b - +0 scale mail
rPois    ∞         Spirit   .   q - +0 helmet
rElec    +         Reflect  .   s - +0 cloak
rCorr    .         Harm     .   (no gloves)
MR       .....                  (no boots)
Stlth    ..........             l - amulet of faith
HPRegen  0.18/turn              e - +4 ring of slaying
MPRegen  0.16/turn              F - ring of magical power

@: no status effects
A: negative energy resistance 1, electricity resistance, unbreathing,
petrification resistance, rot immunity, AC +6
a: Heroism, Renounce Religion


You were on level 8 of the Dungeon.
You worshipped Okawaru.
Okawaru was pleased with you.
You were not hungry.

You visited 2 branches of the dungeon, and saw 9 of its levels.

You collected 479 gold pieces.

Inventory:

Hand Weapons
 a - a +0 flail (weapon)
 o - a +2 flail of protection
Armour
 b - a +0 scale mail (worn)
 c - a +0 kite shield (worn)
 q - a +0 helmet (worn)
 s - a +0 cloak (worn)
Jewellery
 e - a +4 ring of slaying (left hand)
 l - an amulet of faith (around neck)
 w - an uncursed ring of ice
 C - an uncursed ring of positive energy
 F - a ring of magical power (right hand)
Scrolls
 h - 2 scrolls of fear
 j - 6 scrolls of teleportation
 t - 3 scrolls of amnesia
 v - a scroll of enchant armour
 x - 3 scrolls of remove curse {unknown}
 y - a scroll of blinking {unknown}
 A - a scroll of immolation
 B - a scroll of identify
 D - a scroll of enchant weapon {unknown}
Potions
 d - a potion of might
 g - 2 potions of resistance {unknown}
 i - 2 potions of mutation {unknown}
 k - 3 potions of magic {unknown}
 m - 5 potions of stabbing {unknown}
 n - 2 potions of flight {unknown}
 p - a potion of haste {unknown}
 r - 4 potions of curing {unknown}
 u - a potion of lignification {unknown}
 z - a potion of ambrosia {unknown}
 E - a potion of heal wounds {unknown}
Comestibles
 f - 13 rations


   Skills:
 - Level 5.0 Fighting
 + Level 12.0 Maces & Flails
 - Level 3.2 Armour
 - Level 5.0 Shields


You had 8 spell levels left.
You didn't know any spells.
Your spell library contained the following spells:

 Spells                   Type           Power        Failure   Level  Hunger
 Beastly Appendage        Tmut           #.....       98%         1    ##.....
 Corona                   Hex            #......      98%         1    ##.....
 Ensorcelled Hibernation  Hex/Ice        #.....       99%         2    ###....
 Sticks to Snakes         Tmut           #.......     99%         2    ###....
 Confusing Touch          Hex            #.......     100%        3    ####...
 Dazzling Flash           Conj/Hex       #.....       100%        3    ####...
 Spider Form              Tmut/Pois      #.........   100%        3    ####...
 Tukima's Dance           Hex            #.......     100%        3    ####...
 Ice Form                 Ice/Tmut       #.......     100%        4    #####..
 Blade Hands              Tmut           #.........   100%        5    ######.


Dungeon Overview and Level Annotations

Branches:
Dungeon (8/15)             Temple (1/1) D:5
   Lair: D:8-11

Altars:
Ashenzari
Dithmenos
Elyvilon
Fedhas
Gozag
Hepliaklqana
Kikubaaqudgha
Okawaru
Qazlal
Sif Muna
Trog
Uskayaw
Vehumet
Wu Jian
Xom
Zin
The Shining One

Annotations:
D:8 Harold


Innate Abilities, Weirdness & Mutations

You are resistant to torment.
Your stone body is resilient. (AC +6)
You are immune to poison.
You resist negative energy. (rN+)
You are resistant to electric shocks. (rElec)
You can survive without breathing.
You are immune to petrification.
You are immune to rotting.


Message History

You are too injured to fight recklessly!
You are too injured to fight recklessly!
You are too injured to fight recklessly!
You are too injured to fight recklessly!
You are too injured to fight recklessly!
You are too injured to fight recklessly!
You see here a hound corpse.
Harold throws a throwing net.
The throwing net hits you.
You become entangled in the net!
The orc wizard casts a spell.
The orc wizard seems to speed up.
You see here a throwing net.
You struggle against the net.
The orc warrior hits you with a +0 flail!
* * * LOW HITPOINT WARNING * * *
You tear a large gash into the net.
The orc wizard hits you but does no damage.
You shred the net and break free! You block the orc wizard's attack. x2
The orc warrior hits you with a +0 flail!
You die...

..... #........#
.....##.....#.##.
................
........<.......
...#...........
##........)?.
##............
#:.........#..
..##..o@o.......
#.....ooZ......#
#..##..o........
##.....@o..#...#
#(.....oo###..#
.........$.. ..#
...####.#.....
..# ..#.#...(. #.
...##..#...


You could see Harold, an orc warrior, 3 orc wizards, 4 orcs and a wyvern
skeleton.

Vanquished Creatures
  A komodo dragon (D:6)
  Grinder (D:6)
  Prince Ribbit (D:6)
  A hippogriff (D:7)
  Edmund (D:6)
  A water moccasin (D:5)
  2 sky beasts (D:5)
  An ice beast (D:5)
  A necrophage (D:7)
  2 ogres
  A centaur (D:5)
  3 bullfrogs
  4 scorpions
  A crimson imp (D:6)
  A quasit (D:6)
  Crazy Yiuf (D:2)
  An orc priest (D:5)
  2 hounds
  2 orc wizards (D:5)
  A bullfrog skeleton (D:7)
  A centaur skeleton (D:6)
  Natasha (thrice) (D:2)
  3 iguanas
  2 worker ants
  A hound zombie (D:4)
  6 adders
  A shadow imp (D:7)
  4 oozes
  An adder skeleton (D:6)
  An adder zombie (D:7)
  4 worms
  2 dart slugs
  6 leopard geckos
  7 orcs
  A ball python (D:1)
  8 bats
  5 giant cockroaches
  11 goblins
  15 hobgoblins
  9 jackals
  6 kobolds
  4 quokkas
  2 frilled lizards (D:3)
  3 goblin zombies (D:6)
  3 hobgoblin zombies (D:6)
  A kobold skeleton (D:6)
  A leopard gecko skeleton (D:6)
  3 orc skeletons (D:6)
  A quokka skeleton (D:7)
  9 rats
  A rat zombie (D:6)
  A fungus (D:2)
155 creatures vanquished.

Notes
Turn   | Place    | Note
-------+----------+-------------------------------------------
     0 | D:1      | Delamore the Gargoyle Fighter began the quest for the Orb.
     0 | D:1      | Reached XP level 1. HP: 14/14 MP: 1/1
   169 | D:1      | Reached XP level 2. HP: 19/19 MP: 2/2
   593 | D:1      | Reached XP level 3. HP: 24/24 MP: 3/3
   726 | D:2      | Noticed Natasha
   763 | D:2      | Killed Natasha
   763 | D:2      | Reached skill level 3 in Maces & Flails
   763 | D:2      | Reached XP level 4. HP: 21/29 MP: 4/4
  1166 | D:2      | Noticed Natasha
  1173 | D:2      | Killed Natasha
  1173 | D:2      | Reached XP level 5. HP: 25/34 MP: 5/5
  1384 | D:2      | Noticed Natasha
  1387 | D:2      | Killed Natasha
  1539 | D:2      | Found a runed translucent door.
  1540 | D:2      | Noticed Crazy Yiuf
  1551 | D:2      | Killed Crazy Yiuf
  1551 | D:2      | Reached XP level 6. HP: 20/40 MP: 6/6
  1843 | D:3      | Reached skill level 5 in Fighting
  1934 | D:3      | Reached skill level 5 in Shields
  2034 | D:3      | Reached skill level 4 in Maces & Flails
  2921 | D:4      | Found an ornate altar of the Wu Jian Council.
  2947 | D:5      | Entered Level 5 of the Dungeon
  2979 | D:5      | Noticed a sky beast
  2979 | D:5      | Noticed a water moccasin
  2985 | D:5      | Noticed a sky beast
  2998 | D:5      | Killed a water moccasin
  2998 | D:5      | Reached skill level 5 in Maces & Flails
  2998 | D:5      | Reached XP level 7. HP: 5/44 MP: 7/7
  3001 | D:5      | HP: 2/44 [something (1)]
  3013 | D:5      | Reached skill level 6 in Maces & Flails
  3347 | D:5      | Reached skill level 7 in Maces & Flails
  3423 | D:5      | Reached XP level 8. HP: 45/49 MP: 8/8
  3650 | D:5      | Reached skill level 8 in Maces & Flails
  4019 | D:5      | Found a staircase to the Ecumenical Temple.
  4067 | Temple   | Entered the Ecumenical Temple
  4103 | Temple   | Became a worshipper of Warmaster Okawaru
  4194 | D:6      | Noticed Edmund
  4246 | D:6      | Killed Edmund
  4368 | D:6      | Reached skill level 9 in Maces & Flails
  4374 | D:6      | Noticed a komodo dragon
  4744 | D:6      | Noticed Grinder
  4756 | D:6      | Killed Grinder
  4756 | D:6      | Reached * piety under Okawaru
  4756 | D:6      | Reached skill level 10 in Maces & Flails
  4802 | D:6      | Noticed Prince Ribbit
  4808 | D:6      | Killed Prince Ribbit
  4808 | D:6      | Reached XP level 9. HP: 34/54 MP: 9/9
  4997 | D:6      | Found a glowing golden altar of the Shining One.
  5378 | D:6      | Killed a komodo dragon
  5378 | D:6      | Reached ** piety under Okawaru
  5378 | D:6      | Reached skill level 11 in Maces & Flails
  6429 | D:8      | Reached skill level 12 in Maces & Flails
  6438 | D:8      | Noticed Harold
  6449 | D:8      | Mangled by an orc warrior

Illustrated notes

Levels and vault maps discovered:
D:1:      dpeg_arrival_windows_large_door, layout_loops_ring
D:2:      cheibrodos_greedy_goblins, layout_rooms, uniq_natasha,
          uniq_crazy_yiuf_cottage
D:3:      minmay_chambers_of_threes, layout_basic
D:4:      layout_rooms, nicolae_overflow_hidden_temple, first_ration
D:5:      layout_loops_ring, minmay_temple_entry_nine_rooms, item_on_display_a
D:6:      layout_basic, enter_ossuary_4, chequers_serial_rivers_large_a,
          nicolae_tso_besieged_by_evil, uniq_edmund, uniq_prince_ribbit1,
          uniq_grinder
D:7:      minmay_recursive_quarters, layout_rooms, serial_glass,
          glass_columns_c, glass_columns_a, feat_on_display,
          due_unseen_surprise, minmay_strange_pillars, item_on_display_a
D:8:      layout_cave_pools, makhleb_heckhound_becter, uniq_harold
Temple:   grunt_wide_crystal_templ

Skill      XL: |  1  2  3  4  5  6  7  8  9 |
---------------+----------------------------+-----
Shields        | 4 5 |  5.0
Fighting       | 4 5 |  5.0
Maces & Flails | 3 5 7 10 12 | 12.0
Armour         | |  3.2

Action                   |  1- 3 |  4- 6 |  7- 9 || total
-------------------------+-------+-------+-------++-------
Melee: Flail             |    86 |   181 |   238 ||   505
       Unarmed           |       |       |     8 ||     8
  Use: Scroll            |       |       |     5 ||     5
  Eat: Chunk             |       |     6 |     5 ||    11
       Ration            |       |       |     2 ||     2
Armor: Scale mail        |    49 |   114 |   107 ||   270
Dodge: Dodged            |    24 |    71 |    57 ||   152
Block: Kite shield       |    39 |   105 |   114 ||   258
